 Dungeon Crawl Stone Soup version 0.31-a0-161-gb58dd9be76 (webtiles) character file.

Game seed: 16994744708002361972

21 Serulin the Covered (level 2, -17/19 HPs)
             Began as a Gargoyle Fighter on June 13, 2023.
             Demolished by an ogre
             ... wielding a +0 giant spiked club
              (27 damage)
             ... on level 2 of the Dungeon.
             The game lasted 00:01:08 (1014 turns).

Serulin the Covered (Gargoyle Fighter)              Turns: 1014, Time: 00:01:09

Health: -17/19     AC:  9    Str: 19    XL:     2   Next: 83%
Magic:  2/2        EV:  9    Int:  8    God:
Gold:   38         SH:  4    Dex:  9    Spells: 1/1 levels left

rFire   . . .        a - +0 flail
rCold   . . .        c - +0 buckler
rNeg    + . .        b - +0 scale mail
rPois   ∞            (no helmet)
rElec   +            (no cloak)
rCorr   .            (no gloves)
SInv    .            (no boots)
Will    .....        (no amulet) Stlth
                     (no ring)
HPRegen 0.23/turn    (no ring)
MPRegen 0.08/turn

%: no passive effects
@: no status effects
A: sickness immunity, AC +2, negative energy resistance 1, electricity
resistance, torment resistance 1, petrification resistance
a: no special abilities


You were on level 2 of the Dungeon.
You visited 1 branch of the dungeon, and saw 2 of its levels.

You collected 38 gold pieces.

Inventory:

Hand Weapons
 a - a +0 flail (weapon)
Armour
 b - a +0 scale mail (worn)
 c - a +0 buckler (worn)
Scrolls
 e - a scroll of teleportation {unknown}
 h - a scroll of torment {unknown}
Potions
 d - a potion of might
 f - 2 potions of brilliance {unknown}
 g - a potion of lignification {unknown}
 i - a potion of resistance {unknown}


   Skills:
 + Level 3.6 Fighting
 + Level 2.3 Maces & Flails
 + Level 3.6 Armour
 + Level 3.6 Shields


You had one spell level left.
You didn't know any spells.
Your spell library was empty.

Dungeon Overview and Level Annotations

Branches:
Dungeon (2/15)

Altars:

Shops:
D:1 (


Innate Abilities, Weirdness & Mutations

You are immune to sickness and miasma.
Your stone body is resilient. (AC +2)
You are immune to poison.
You resist negative energy. (rN+)
You are resistant to electric shocks. (rElec)
You are resistant to unholy torment.
You are immune to petrification.


Message History

A giant cockroach is nearby!
The giant cockroach bites you but does no damage.
You closely miss the giant cockroach.
You block the giant cockroach's attack. x2
You hit the giant cockroach but do no damage.
The giant cockroach bites you but does no damage.
You sock the giant cockroach!
You kill the giant cockroach!
No target in view!
h - a scroll labelled NOLEOM SOSING You see here a +0 ring mail.
You see here 4 stones.
Done exploring.
Done exploring.
(D) Dungeon
Where to? (? - help)
There is a stone staircase leading down here.
You climb downwards.
There is a stone staircase leading up here.
Found a short sword.
No target in view!
No target in view!
i - a fizzy silvery potion An ogre comes into view.
It is wielding a +0 giant spiked club.
The ogre shouts!
You see here a scroll labelled LOGIGO REMP.
An endoplasm comes into view.
A kobold comes into view. It is wielding a +0 dagger.
The endoplasm quivers.
The ogre hits you with a +0 giant spiked club.
You barely miss the ogre. You closely miss the ogre.
The ogre hits you with a +0 giant spiked club!
You sock the ogre!
The ogre is moderately wounded.
The ogre hits you but does no damage.
You hit the ogre.
The ogre is heavily wounded.
The ogre hits you with a +0 giant spiked club!!
Ouch! That really hurt!
You die...

.............#.......
....####....##.......
### #....# ......
#....# #### #....#
#...?##
#.....#+#######
#..............
#....#.@.K.....
#....#..O......
#..$.#..J......
#....#.........
#....#.........
###............
..........
......##+#.


You could see an ogre, an endoplasm and a kobold.

Vanquished Creatures
  A gnoll (D:1)
  A ball python (D:1)
  A bat (D:1)
  3 endoplasms (D:1)
  A giant cockroach (D:1)
  A quokka (D:1)
  A kobold (D:1)
  A rat (D:1)
10 creatures vanquished.

Notes
Turn   | Place    | Note
-------+----------+-------------------------------------------
     0 | D:1      | Serulin the Gargoyle Fighter began the quest for the Orb.
     0 | D:1      | Reached XP level 1. HP: 14/14 MP: 1/1
    59 | D:1      | Found a faded altar of an unknown god.
   189 | D:1      | Reached XP level 2. HP: 12/19 MP: 2/2
   400 | D:1      | Found Baopsy's Weapon Shop.
  1007 | D:2      | Noticed an ogre
  1014 | D:2      | Demolished by an ogre

Illustrated notes

Levels and vault maps discovered:
D:1:      dpeg_arrival_round_a, layout_basic, serial_shops, nicolae_shop_trees,
          basic_ecumenical_altar, supply_closet_lemuel
D:2:      layout_basic, serial_bayou_crossing

Action                     || total
---------------------------++-------
  Melee: Flail             ||    28
 Armour: Scale mail        ||     9
  Dodge: Dodged            ||     6
  Block: Buckler           ||     7

Table legend: (Time is in decaauts)
 A = Elapsed time spent in this place.
 B = Non-inter-level travel time spent in this place.
 C = Inter-level travel time spent in this place.
 D = Time resting spent in this place.
 E = Time spent auto-exploring this place.
 F = Levels seen in this place.
 G = Mean time per level.
                   A        B        C        D        E       F      G
               +--------+--------+--------+--------+--------+-----+--------+
         Total |   1022 |   1004 |     18 |      0 |    916 |   2 |  511.0 |
       Dungeon |   1022 |   1004 |     18 |      0 |    916 |   2 |  511.0 |
               +--------+--------+--------+--------+--------+-----+--------+

Top non-repeatable levels by time:
     D:1: 982 daAuts
     D:2: 39 daAuts
